 Dungeon Crawl Stone Soup version 0.28.0-53-g5a82cb258f (webtiles) character file.

Game seed: 16547355913763958450

19017 Sin92 the Cleaver (level 12, -2/97 HPs)
             Began as a Demonspawn Fighter on June 30, 2022.
             Was a High Priest of Okawaru.
             Slain by Rupert
             ... wielding a +3 great mace of protection
              (6 damage)
             ... on level 12 of the Dungeon.
             The game lasted 00:28:39 (10183 turns).

Sin92 the Cleaver (Demonspawn Fighter)             Turns: 10183, Time: 00:28:40

Health: -2/97      AC: 32    Str: 20    XL:     12   Next: 32%
Magic:  0/14       EV:  6    Int: 10    God:    Okawaru [*****.]
Gold:   742        SH: 14    Dex: 20    Spells: 11/11 levels left

rFire   . . .      SeeInvis +   a - +1 war axe
rCold   . . .      Faith    .   e - +2 kite shield
rNeg    . . .      Spirit   +   B - +1 plate armour
rPois   +          Reflect  .   F - +1 helmet {SInv}
rElec   .          Harm     .   E - +0 cloak
rCorr   .          Rampage  .   (no gloves)
Will    .....                   t - +0 pair of boots
Stlth   ..........              h - amulet of regeneration
HPRegen 1.06/turn               n - +6 ring of dexterity
MPRegen 0.28/turn               A - ring of poison resistance

@: about to teleport, finesse-ful, sanguine armoured
A: claws 1, powered by pain 1, magic shield, magic regeneration, sanguine armour
3
a: Renounce Religion, Heroism, Finesse, Duel


You were on level 12 of the Dungeon.
You worshipped Okawaru.
Okawaru was extremely pleased with you.
You visited 2 branches of the dungeon, and saw 13 of its levels.
You also visited: Ossuary.

You collected 742 gold pieces.

Inventory:

Hand Weapons
 a - a +1 war axe (weapon)
 s - a +3 vorpal flail
Armour
 b - a +0 scale mail
 c - a +0 buckler
 d - a +0 hat
 e - a +2 kite shield (worn)
 t - a +0 pair of boots (worn)
 B - a +1 plate armour (worn)
 C - a +0 hat of stealth
 E - a +0 cloak (worn)
 F - a +1 helmet of see invisible (worn)
Jewellery
 h - an amulet of regeneration (around neck)
 j - a ring of ice
 n - a +6 ring of dexterity (left claw)
 q - a ring of magical power
 u - a ring of protection from fire
 A - a ring of poison resistance (right claw)
 H - a ring of protection from cold
Wands
 m - a wand of polymorph (1)
 y - a wand of iceblast (9)
 z - a wand of mindburst (13)
 I - a wand of flame (3)
Scrolls
 r - 2 scrolls of identify
 x - 2 scrolls of amnesia
 D - a scroll of blinking
 G - a scroll of fear
 J - a scroll of enchant weapon
Potions
 f - 5 potions of curing
 g - 2 potions of heal wounds
 i - 10 potions of ambrosia
 k - a potion of lignification
 l - a potion of haste
 o - 3 potions of brilliance
 p - 2 potions of attraction
 w - a potion of degeneration


   Skills:
 + Level 9.7 Fighting
 * Level 11.9 Axes
 + Level 8.8 Armour
 + Level 2.4 Dodging
 + Level 8.8 Shields
 + Level 3.5 Invocations


You had 11 spell levels left.
You didn't know any spells.
Your spell library contained the following spells:

 Spells                   Type           Power      Damage    Failure   Level
 Apportation              Tloc           0%         N/A       100%        1
 Beastly Appendage        Tmut           0%         N/A       100%        1
 Pain                     Necr           0%         1d4       100%        1
 Static Discharge         Conj/Air       0%         N/A       100%        2
 Sublimation of Blood     Necr           0%         N/A       100%        2
 Wereblood                Tmut           0%         N/A       100%        2
 Ozocubu's Armour         Ice            0%         N/A       100%        3
 Spider Form              Tmut/Pois      0%         N/A       100%        3
 Vampiric Draining        Necr           0%         2d6       100%        3
 Hailstorm                Conj/Ice       0%         3d3       100%        4
 Ice Form                 Ice/Tmut       0%         N/A       100%        4
 Passage of Golubria      Tloc           0%         N/A       100%        4
 Petrify                  Tmut/Erth      0%         N/A       100%        4
 Alistair's Intoxication  Tmut/Pois      0%         N/A       100%        5
 Freezing Cloud           Conj/Ice/Air   0%         6-21      100%        5
 Irradiate                Conj/Tmut      0%         3d13      100%        5
 Lightning Bolt           Conj/Air       0%         1d11      100%        5
 Metabolic Englaciation   Hex/Ice        0%         N/A       100%        5
 Yara's Violent Unravell  Hex/Tmut       0%         3d3       100%        5
 Maxwell's Capacitive Co  Air            0%         ∞         100%        8
 Polar Vortex             Ice            0%         N/A       100%        9
 Animate Skeleton         Necr           Unusable   N/A       N/A         1
 Tukima's Dance           Hex            Unusable   N/A       N/A         3
 Simulacrum               Ice/Necr       Unusable   N/A       N/A         6

Dungeon Overview and Level Annotations

Branches:
Dungeon (12/15)            Temple (1/1) D:7            Lair (0/6) D:9
    Orc (0/2) D:11        Ossuary (visited)

Altars:
Ashenzari
Cheibriados
Dithmenos
Elyvilon
Fedhas
Gozag
Hepliaklqana
Kikubaaqudgha
Makhleb
Nemelex Xobeh
Okawaru
Qazlal
Ru
Sif Muna
Trog
Uskayaw
Vehumet
Wu Jian
Xom
Yredelemnul
Zin
The Shining One

Shops:
D:3 *   D:9 (

Annotations:
D:7 2 transporters, Kranky's ghost, novice OpFi
D:12 Rupert


Innate Abilities, Weirdness & Mutations

You have sharp fingernails.
You sometimes gain a little power by taking damage.
When hurt, damage is shared between your health and your magic reserves.
You regenerate magic rapidly.
When seriously injured, your blood forms very thick armour. (AC +12)


Message History

Rupert is lightly wounded.
You block Rupert's attack.
You closely miss Rupert.
Rupert is lightly wounded.
Rupert hits you with a +3 great mace of protection!
You slash Rupert!
Rupert is lightly wounded.
Rupert hits you but does no damage.
You closely miss Rupert.
Rupert is lightly wounded.
You hit Rupert but do no damage.
Rupert is lightly wounded.
You block Rupert's attack.
You slash Rupert!
Rupert is moderately wounded.
Rupert hits you but does no damage.
You hit Rupert but do no damage.
Rupert is moderately wounded.
Rupert hits you with a +3 great mace of protection!
You slash Rupert!
Rupert is moderately wounded.
You hit Rupert but do no damage.
Rupert is moderately wounded.
Rupert hits you but does no damage.
You slash Rupert!
Rupert is moderately wounded.
Rupert hits you with a +3 great mace of protection!!
* * * LOW HITPOINT WARNING * * *
You slash Rupert!
Rupert is moderately wounded.
You block Rupert's attack.
As you read the scroll of teleportation, it crumbles to dust.
You feel strangely unstable.
Rupert hits you with a +3 great mace of protection!!
* * * LOW HITPOINT WARNING * * *
You focus on the pain.
You feel your power returning.
Unknown command.
Rupert rages.
Rupert hits you with a +3 great mace of protection!
You die...

#.........#
..........#
#........^#
#.........
#.......!.#
#.........
#.........#
#.........
#.........#
#.........
#.........#
.##≈≈≈#'###
#.........#
>.....†....
#......@..#
.#≈≈≈≈≈.###
#......@..#
##≈≈≈#....
###+###'###
###≈##.##.
#.###.#####.####
#.##.
#..............
#.##.
#.........####
#.##.
#.####.####
#.##. # #....#
##### #....
#.####.# #...#
#.###
##......####.#.#
#.#


You could see Rupert (berserk).

Vanquished Creatures
  Gastronok (D:10)
  Harold (D:10)
  A hydra (D:12)
  3 two-headed ogres
  A deep elf pyromancer (D:12)
  An ugly thing (D:12)
  A cyclops (D:11)
  A manticore (D:12)
  Maurice (D:9)
  2 gargoyles
  2 komodo dragons (D:9)
  A kobold demonologist (D:9)
  A troll (D:12)
  A meliai (shapeshifter) (D:9)
  A queen bee (D:11)
  2 hornets
  2 shadows
  2 wyverns
  12 yaks
  2 humans (D:8)
  2 wraiths
  2 basilisks
  2 steam dragons (D:10)
  A vampire mosquito (D:10)
  Edmund (D:6)
  4 acid dragons
  6 water moccasins
  An ice beast (D:6)
  2 black bears
  3 orc warriors
  2 sky beasts (D:5)
  A hornet zombie (D:8)
  A necrophage (D:4)
  An ogre (D:5)
  10 centaurs
  4 phantoms
  8 kobold brigands
  An elf zombie (Ossuary)
  2 gnoll sergeants
  3 bullfrogs
  A scorpion (D:5)
  28 killer bees
  2 howler monkeys
  An electric eel (D:12)
  A human zombie (Ossuary)
  A bullfrog zombie (D:5)
  7 centaur zombies
  2 orc priests
  5 hounds
  3 centaur skeletons
  A jelly (D:5)
  A bullfrog skeleton (D:6)
  2 iguanas
  4 orc wizards
  A killer bee zombie (D:8)
  6 ogre zombies (D:11)
  2 mummies (Ossuary)
  2 howler monkey zombies
  7 gnolls
  7 adders
  A white imp (D:6)
  An ufetubus (D:7)
  A worm zombie (D:6)
  2 adder skeletons
  3 adder zombies (Ossuary)
  3 worms
  A dart slug (D:1)
  12 orcs
  4 ball pythons
  5 endoplasms
  6 giant cockroaches
  5 goblins
  7 hobgoblins
  5 jackals (D:3)
  32 kobolds
  4 quokkas
  5 bats
  3 frilled lizards
  A goblin zombie (D:11)
  19 hobgoblin zombies
  2 jackal zombies (Ossuary)
  7 kobold zombies
  5 orc skeletons (D:11)
  16 orc zombies
  2 rats
332 creatures vanquished.

Vanquished Creatures (others)
  An orc priest (D:7)
  An orc wizard (D:4)
  2 kobolds (D:10)
  A fungus (D:9)
  13 plants
18 creatures vanquished.

Grand Total: 350 creatures vanquished

Notes
Turn   | Place    | Note
-------+----------+-------------------------------------------
     0 | D:1      | Sin92 the Demonspawn Fighter began the quest for the Orb.
     0 | D:1      | Reached XP level 1. HP: 18/18 MP: 1/1
    61 | D:1      | Reached skill level 2 in Axes
   210 | D:1      | Gained mutation: You have sharp fingernails. [demonic
                  | ancestry]
   210 | D:1      | Reached XP level 2. HP: 21/23 MP: 2/2
   444 | D:1      | Found a faded altar of an unknown god.
  1179 | D:2      | Gained mutation: When seriously injured, your blood forms
                  | armour. (AC +12) [demonic ancestry]
  1179 | D:2      | Reached XP level 3. HP: 29/29 MP: 3/3
  1637 | D:3      | Reached XP level 4. HP: 25/35 MP: 4/4
  1675 | D:3      | Reached skill level 3 in Axes
  1683 | D:3      | Found a sparkling altar of Nemelex Xobeh.
  1838 | D:3      | Found Yrhes's General Store.
  2017 | D:4      | Gained mutation: You regenerate magic rapidly. [demonic
                  | ancestry]
  2017 | D:4      | Reached XP level 5. HP: 28/41 MP: 5/5
  2045 | D:4      | Noticed a phantom
  2073 | D:4      | Killed a phantom
  2184 | D:4      | Found an ornate altar of the Wu Jian Council.
  2228 | D:4      | Noticed a black bear
  2235 | D:4      | Killed a black bear
  2236 | D:4      | Reached skill level 4 in Axes
  2236 | D:4      | Gained mutation: You sometimes gain a little power by
                  | taking damage. [demonic ancestry]
  2236 | D:4      | Reached XP level 6. HP: 44/48 MP: 6/6
  2568 | D:5      | Entered Level 5 of the Dungeon
  2593 | D:5      | Gained mutation: When hurt, damage is shared between your
                  | health and your magic reserves. [demonic ancestry]
  2593 | D:5      | Reached XP level 7. HP: 28/55 MP: 7/7
  2665 | D:5      | Found an ancient bone altar of Kikubaaqudgha.
  2704 | D:5      | Reached skill level 5 in Axes
  2999 | D:5      | Reached skill level 5 in Fighting
  3216 | D:5      | Gained mutation: When seriously injured, your blood forms
                  | thick armour. (AC +12) [demonic ancestry]
  3216 | D:5      | Reached XP level 8. HP: 62/62 MP: 8/8
  3259 | D:5      | Found a shimmering altar of Xom.
  3388 | D:5      | Identified the +5 hunting sling of the Forsaken Towns
                  | {flame, rPois rC+}
  3458 | D:5      | Reached skill level 6 in Axes
  3542 | D:6      | Noticed Edmund
  3555 | D:6      | Killed Edmund
  3556 | D:6      | Reached skill level 5 in Armour
  3556 | D:6      | Reached skill level 5 in Shields
  3792 | D:6      | Found a sand-covered staircase.
  3803 | Ossuary  | Entered an ossuary
  4478 | D:6      | Reached skill level 7 in Axes
  4733 | D:7      | Reached XP level 9. HP: 69/69 MP: 9/9
  4905 | D:7      | Paralysed by a hornet for 1 turns
  5071 | D:7      | Found a staircase to the Ecumenical Temple.
  5331 | Temple   | Entered the Ecumenical Temple
  5567 | D:7      | Identified the amulet "Adutunk" {RegenMP rF- Regen+ Str+3}
  5573 | D:7      | Found a transporter.
  5573 | D:7      | Found a transporter.
  5648 | D:7      | Identified the +8 trident of Contradiction {venom, rElec
                  | rPois Will++ Str-3}
  5648 | D:7      | Identified the +1 scale mail of Shadows and Fog {rPois
                  | Will+}
  5661 | D:7      | Noticed Kranky's ghost (novice OpFi)
  5835 | D:8      | Reached skill level 8 in Axes
  6155 | D:8      | Found an iron altar of Okawaru.
  6167 | D:8      | Became a worshipper of Warmaster Okawaru
  6231 | D:8      | Reached XP level 10. HP: 74/79 MP: 10/10
  6439 | D:9      | Noticed Maurice
  6465 | D:9      | Killed Maurice
  6655 | D:9      | Found Toedoz's Hydra Hut.
  6688 | D:9      | Reached * piety under Okawaru
  6699 | D:9      | Reached skill level 9 in Axes
  6750 | D:9      | Noticed a six-headed hydra
  6880 | D:9      | Noticed a two-headed ogre
  6889 | D:9      | Killed a two-headed ogre
  6949 | D:9      | Reached ** piety under Okawaru
  7161 | D:9      | Found a staircase to the Lair.
  7207 | D:9      | Noticed a smoke demon
  7361 | D:10     | Entered Level 10 of the Dungeon
  7449 | D:10     | Noticed a gargoyle
  7457 | D:10     | Reached skill level 10 in Axes
  7458 | D:10     | Killed a gargoyle
  7461 | D:10     | Reached *** piety under Okawaru
  7462 | D:10     | Gained mutation: When seriously injured, your blood forms
                  | very thick armour. (AC +12) [demonic ancestry]
  7462 | D:10     | Reached XP level 11. HP: 37/86 MP: 7/11
  7584 | D:10     | Noticed Gastronok
  7730 | D:10     | Noticed Harold
  8010 | D:10     | Killed Harold
  8010 | D:10     | Reached **** piety under Okawaru
  8059 | D:10     | Killed Gastronok
  8238 | D:10     | Reached skill level 11 in Axes
  8557 | D:10     | Reached ***** piety under Okawaru
  8589 | D:11     | Noticed a two-headed ogre
  8601 | D:11     | Killed a two-headed ogre
  8717 | D:11     | Reached skill level 1 in Invocations
  8893 | D:11     | Reached skill level 1 in Dodging
  8907 | D:11     | Identified the +1 long sword of Evisceration {elec, rPois
                  | rF+ rC- Will+}
  9021 | D:11     | Found a staircase to the Orcish Mines.
  9198 | D:11     | Noticed a two-headed ogre
  9210 | D:11     | Killed a two-headed ogre
  9210 | D:11     | Received a gift from Okawaru
  9211 | D:11     | Reached XP level 12. HP: 46/96 MP: 7/13
  9932 | D:12     | Noticed a six-headed hydra
 10004 | D:12     | Killed a seven-headed hydra
 10160 | D:12     | Noticed Rupert
 10182 | D:12     | HP: 3/97 [Rupert/+3 great mace of protection (20)]
 10183 | D:12     | Slain by Rupert

Illustrated notes

Levels and vault maps discovered:
D:1:      dpeg_arrival_boxorama, layout_rooms, basic_ecumenical_altar
D:2:      layout_basic, minmay_octomino_e4
D:3:      layout_rooms, grunt_temple_overflow_open, serial_shops,
          nicolae_shop_hallway_stairs, st_stairs_14
D:4:      layout_basic, lemuel_tele_altar
D:5:      layout_basic, mainiacjoe_overflow_24_doors,
          nicolae_overflow_crystal_walls
D:6:      layout_basic, enter_ossuary_3, minmay_circle_x, uniq_edmund
D:7:      layout_loops_cross, temple_statues, gammafunk_ghost_gnarly_gnolls,
          minmay_misc_feat_nine_boxes, hangedman_decor_diamond_cutter
D:8:      layout_cave_pools, okawaru_humans
D:9:      layout_cave_pools, grunt_lair_entry_orc_guard_hut, minivault_14,
          doesnt_shop_hydraphobe, uniq_maurice
D:10:     cheibrodos_barr_body, layout_rooms, uniq_gastronok, uniq_harold
D:11:     layout_cave_pools, zombieorc1_lemuel, special_room [special_room_bee]
D:12:     layout_basic, tso_oasis_becter, uniq_rupert
Temple:   nicolae_temple_x_marks_the_god

Skill      XL: |  1  2  3  4  5  6  7  8  9 10 11 12 |
---------------+-------------------------------------+-----
Axes           | 2 3 4 5 7 8 10 11 | 11.9
Armour         | 3 4 5 6 7 8 |  8.8
Shields        | 3 4 5 6 7 8 |  8.8
Fighting       | 4 5 6 7 8 9 |  9.7
Invocations    | 2 3 |  3.5
Dodging        | 1 2 |  2.4

Action                   |  1- 3 |  4- 6 |  7- 9 | 10-12 || total
-------------------------+-------+-------+-------+-------++-------
Melee: War axe           |   123 |   157 |   439 |   804 ||  1523
       Flail             |       |       |       |     5 ||     5
Invok: Heroism           |       |       |       |     5 ||     5
       Finesse           |       |       |       |     2 ||     2
  Use: Scroll            |     2 |     7 |    15 |     8 ||    32
       Potion            |       |     1 |     3 |     4 ||     8
 Stab: Invisible         |       |       |     7 |     5 ||    12
Armor: Scale mail        |    80 |    68 |   195 |       ||   343
       Plate armour      |       |       |    24 |   675 ||   699
       Skin              |       |       |       |     6 ||     6
Dodge: Dodged            |    47 |    56 |   158 |   218 ||   479
Block: Kite shield       |    87 |    89 |   397 |   755 ||  1328
